 Dungeon Crawl Stone Soup version 0.31-a0-4-gefa6de2278 (webtiles) character file.

Game seed: 4705222627415744943

22 GigaChad the Shield-Bearer (level 3, -4/29 HPs)
             Began as a Formicid Fighter on May 3, 2023.
             Succumbed to a goblin's poison
             ... on level 1 of the Dungeon.
             The game lasted 00:00:42 (297 turns).

GigaChad the Shield-Bearer (Formicid Fighter)        Turns: 297, Time: 00:00:43

Health: -4/29      AC:  7    Str: 22    XL:     3   Next: 7%
Magic:  3/3        EV:  9    Int:  7    God:
Gold:   13         SH:  5    Dex: 13    Spells: 2/2 levels left

rFire   . . .        a - +0 war axe
rCold   . . .        c - +0 buckler
rNeg    . . .        b - +0 scale mail
rPois   .            (helmet unavailable)
rElec   .            (no cloak)
rCorr   .            (no gloves)
SInv    +            (no boots)
Will    .....        (no amulet) Stlth
                     (no ring)
HPRegen 0.24/turn    (no ring)
MPRegen 0.08/turn

%: no passive effects
@: lethally poisoned (-4 -> -20)
A: permanent stasis, dig shafts and tunnels, antennae 3, four strong arms
a: Dig, Shaft Self


You were on level 1 of the Dungeon.
You visited 1 branch of the dungeon, and saw 1 of its levels.

You collected 13 gold pieces.

Inventory:

Hand Weapons
 a - a +0 war axe (weapon)
Armour
 b - a +0 scale mail (worn)
 c - a +0 buckler (worn)
Scrolls
 g - a scroll of teleportation {unknown}
 h - 3 scrolls of magic mapping {unknown}
Potions
 d - a potion of might
 e - a potion of heal wounds {unknown}
 f - a potion of mutation {unknown}


   Skills:
 * Level 3.6 Fighting
 * Level 2.2 Axes
 * Level 3.7 Armour
 * Level 4.3 Shields


You had 2 spell levels left.
You didn't know any spells.
Your spell library was empty.

Dungeon Overview and Level Annotations

Branches:
Dungeon (1/15)

Altars:


Innate Abilities, Weirdness & Mutations

You cannot be hasted, slowed, berserked, paralysed or teleported.
You can dig through walls and to a lower floor.
You have a pair of large antennae on your head. (SInv)
Your four strong arms can wield two-handed weapons with a shield.


Message History

A giant cockroach comes into view.
You feel sick. You block the hobgoblin's attack.
The frilled lizard closely misses you. The kobold hits you but does no damage.
The goblin hits you but does no damage.
You are more poisoned.
You see here a dart slug corpse.
Unknown command.
You barely miss the frilled lizard. You closely miss the kobold.
You barely miss the goblin. You barely miss the hobgoblin.
You feel very sick. You block the frilled lizard's attack.
The hobgoblin hits you but does no damage.
The goblin hits you with a +1 dagger of venom.
You are lethally poisoned!
The kobold hits you with a +0 whip.
Unknown command.
Unknown command.
You slash the frilled lizard!
You kill the frilled lizard!
You hit the kobold.
You kill the kobold!
You closely miss the goblin. You hit the hobgoblin.
* * * LOW HITPOINT WARNING * * *
You feel very sick. You block the bat's attack.
The hobgoblin barely misses you. The goblin hits you but does no damage.
You are more poisoned.
The goblin barely misses you. You block the hobgoblin's attack.
You hit the giant cockroach but do no damage.
You barely miss the hobgoblin. You hit the goblin but do no damage.
* * * LOW HITPOINT WARNING * * *
You feel extremely sick. The bat barely misses you.
The giant cockroach waves its antennae.
The giant cockroach bites you but does no damage.
The bat closely misses you. The hobgoblin barely misses you.
The goblin completely misses you. The giant cockroach closely misses you.
You barely miss the giant cockroach. You miss the bat.
You closely miss the goblin. You closely miss the hobgoblin.
You die...

#### #######
....##.....##
............##
.............#
#
.............#
##
.............#
)## {
.....BgBb....#
..# { #@)# ..#
#.g# ..###
####..####
....#
#........#
...###
#.######.#
.....# { #
#...# .#...#
#.### ###..#
{# #.†.#
##...#..##
########.#


You could see 2 giant cockroaches, a hobgoblin, a goblin and a bat.

Vanquished Creatures
  A gnoll (D:1)
  A dart slug (D:1)
  2 bats (D:1)
  2 hobgoblins (D:1)
  A quokka (D:1)
  A frilled lizard (D:1)
  2 kobolds (D:1)
  2 rats (D:1)
12 creatures vanquished.

Notes
Turn   | Place    | Note
-------+----------+-------------------------------------------
     0 | D:1      | GigaChad the Formicid Fighter began the quest for the Orb.
     0 | D:1      | Reached XP level 1. HP: 18/18 MP: 1/1
    78 | D:1      | Reached XP level 2. HP: 10/24 MP: 2/2
   291 | D:1      | Reached XP level 3. HP: 25/29 MP: 3/3
   296 | D:1      | HP: 1/29 [poisoned by a goblin]
   297 | D:1      | Succumbed to a goblin's poison

Illustrated notes

Levels and vault maps discovered:
D:1:      dpeg_arrival_arbitrary_a, layout_rooms, bh_walls_and_bars

Action                     || total
---------------------------++-------
  Melee: War axe           ||    29
 Armour: Scale mail        ||    16
  Dodge: Dodged            ||    19
  Block: Buckler           ||    15

Table legend: (Time is in decaauts)
 A = Elapsed time spent in this place.
 B = Non-inter-level travel time spent in this place.
 C = Inter-level travel time spent in this place.
 D = Time resting spent in this place.
 E = Time spent auto-exploring this place.
 F = Levels seen in this place.
 G = Mean time per level.
                   A        B        C        D        E       F      G
               +--------+--------+--------+--------+--------+-----+--------+
         Total |    308 |    308 |      0 |      0 |    223 |   1 |  308.0 |
       Dungeon |    308 |    308 |      0 |      0 |    223 |   1 |  308.0 |
               +--------+--------+--------+--------+--------+-----+--------+

Top non-repeatable levels by time:
     D:1: 308 daAuts
